 Dungeon Crawl Stone Soup version 0.30.1-11-g7821555f0a (webtiles) character file.

Game seed: 11950445186181487591

26 bmb222 the Trooper (level 2, -1/21 (24) HPs)
             Began as a Demonspawn Fighter on Dec 6, 2023.
             Frozen to death by an endoplasm (2 damage)
             ... on level 1 of the Dungeon.
             The game lasted 00:00:44 (306 turns).

bmb222 the Trooper (Demonspawn Fighter)              Turns: 306, Time: 00:00:44

HP:   -1/21 (24)    AC:  6    Str: 16    XL:     2   Next: 89%
MP:   2/2           EV:  9    Int:  9    God:
Gold: 0             SH:  4    Dex: 12    Spells: 1/1 levels left

rFire   . . .        a - +0 trident
rCold   . . .        c - +0 buckler
rNeg    . . .        b - +0 scale mail
rPois   .            (no helmet)
rElec   .            (no cloak)
rCorr   .            (no gloves)
SInv    .            (no boots)
Will    .....        (no amulet) Stlth
                     (no ring)
HPRegen 0.23/turn    (no ring)
MPRegen 0.08/turn

%: no passive effects
@: heavily drained
A: foul stench 1
a: no special abilities


You were on level 1 of the Dungeon.
You visited 1 branch of the dungeon, and saw 1 of its levels.

Inventory:

Hand Weapons
 a - a +0 trident (weapon)
Armour
 b - a +0 scale mail (worn)
 c - a +0 buckler (worn)
Scrolls
 e - a scroll of identify {unknown}
 f - a scroll of fog {unknown}
Potions
 d - a potion of might


   Skills:
 + Level 3.3 Fighting
 + Level 2.1 Polearms
 + Level 3.0 Armour
 + Level 0.2 Dodging
 + Level 2.8 Shields


You had one spell level left.
You didn't know any spells.
Your spell library was empty.

Dungeon Overview and Level Annotations

Branches:
Dungeon (1/15)

Altars:


Innate Abilities, Weirdness & Mutations

You may rarely emit foul miasma when damaged in melee.


Message History

The jackal closely misses you.
You closely miss the jackal. The jackal barely misses you.
The jackal bites you but does no damage.
You closely miss the jackal.
The jackal bites you but does no damage. x2
You closely miss the jackal. The jackal bites you.
You hit the jackal.
The jackal is moderately wounded.
The jackal barely misses you.
The jackal bites you but does no damage.
You hit the jackal.
You kill the jackal!
The jackal closely misses you.
The jackal bites you but does no damage.
The jackal bites you. The jackal barely misses you. The jackal bites you.
* * * LOW HITPOINT WARNING * * *
The jackal bites you but does no damage.
The jackal bites you.
* * * LOW HITPOINT WARNING * * *
You block the jackal's attack. The jackal bites you.
* * * LOW HITPOINT WARNING * * *
The jackal bites you.
* * * LOW HITPOINT WARNING * * *
You block the jackal's attack. x2
You block the jackal's attack. The jackal bites you.
* * * LOW HITPOINT WARNING * * *
You emit a cloud of foul miasma!
The jackal is engulfed in dark miasma.
The jackal is poisoned.
The jackal barely misses you.
The jackal is engulfed in dark miasma.
The jackal looks even sicker.
The jackal seems to slow down.
You kill the jackal!
The endoplasm barely misses you.
The endoplasm hits you but does no damage.
The endoplasm hits you.
* * * LOW HITPOINT WARNING * * *
The endoplasm freezes you.
You are frozen.
You die...

#..^_# ...#.# #.####
######.#.#####.#### #†#
............)...... #.#
###....#######.#### #.#
#..... ... #.#
#.......)# #.#
#.##...[..
.######.#######.##......
................@J.>...#
.######.#######.##...).+
......#.# #.# ....#
#......# #.. ..##
##...#..# #... .#
.....#..## #.... ..
.........### #..... .
...........####......
.......)##...#


You could see an endoplasm.

Vanquished Creatures
  A gnoll (D:1)
  2 ball pythons (D:1)
  2 bats (D:1)
  A giant cockroach (D:1)
  A goblin (D:1)
  3 jackals (D:1)
  2 kobolds (D:1)
  A quokka (D:1)
  2 rats (D:1)
15 creatures vanquished.

Notes
Turn   | Place    | Note
-------+----------+-------------------------------------------
     0 | D:1      | bmb222 the Demonspawn Fighter began the quest for the Orb.
     0 | D:1      | Reached XP level 1. HP: 18/18 MP: 1/1
   156 | D:1      | Gained mutation: You may rarely emit foul miasma when
                  | damaged in melee. [demonic ancestry]
   156 | D:1      | Reached XP level 2. HP: 24/24 MP: 2/2
   187 | D:1      | Found a faded altar of an unknown god.
   291 | D:1      | HP: 1/21 [jackal (1)]
   305 | D:1      | HP: 1/21 [endoplasm (2)]
   306 | D:1      | Frozen to death by an endoplasm

Illustrated notes

Levels and vault maps discovered:
D:1:      dpeg_arrival_radiant, layout_basic,
          hellmonk_ecumenical_altar_leap_of_faith

Skill      XL: |  1  2 |
---------------+-------+-----
Polearms       | 2 |  2.1
Armour         | 3 |  3.0
Fighting       | |  3.3
Dodging        | |  0.2
Shields        | |  2.8

Action                     || total
---------------------------++-------
  Melee: Trident           ||    72
 Armour: Scale mail        ||    37
  Dodge: Dodged            ||    37
  Block: Buckler           ||    13
